 Dungeon Crawl Stone Soup version 0.30-a0-159-g068b764562 (webtiles) character file.

Game seed: 17207640968803034526

963 testman the Covert (level 8, 0/51 HPs)
             Began as a Kobold Brigand on Sept 27, 2022.
             Was an Initiate of Hepliaklqana.
             Splashed by a jelly's acid (4 damage)
             ... on level 5 of the Dungeon.
             The game lasted 00:22:30 (7185 turns).

testman the Covert (Kobold Brigand)                 Turns: 7185, Time: 00:22:30

Health: 0/51       AC: -9    Str:  8    XL:     8   Next: 37%
Magic:  8/8        EV: 15    Int: 13    God:    Hepliaklqana [......]
Gold:   92         SH:  0    Dex: 18    Spells: 7/7 levels left

rFire   . . .      SeeInvis .    a - +3 dagger
rCold   . . .      Faith    .    (no shield)
rNeg    . . .      Spirit   .    b - +0 robe
rPois   .          Reflect  .    p - +0 helmet
rElec   .          Harm     .    c - +0 cloak
rCorr   .          Rampage  +    (no gloves)
Will    +....                    f - +2 pair of boots {rampage}
Stlth   +++++.....               (no amulet)
HPRegen 0.17/turn                r - ring of willpower
MPRegen 0.11/turn                (no ring)

@: corroded
A: small, no large weapons, nightstalker 3
a: Renounce Religion


You were on level 5 of the Dungeon.
You worshipped Hepliaklqana.
Hepliaklqana was noncommittal.
You visited 2 branches of the dungeon, and saw 6 of its levels.
You also visited: Sewer.

You collected 306 gold pieces.
You spent 214 gold pieces at shops.

Inventory:

Hand Weapons
 a - a +3 dagger (weapon)
Missiles
 d - 10 poisoned darts (quivered)
 e - 2 curare-tipped darts
 q - 2 boomerangs
Armour
 b - a +0 robe (worn)
 c - a +0 cloak (worn)
 f - a +2 pair of boots of rampaging (worn)
 p - a +0 helmet (worn)
Jewellery
 r - a ring of willpower (left hand)
 z - an amulet of magic regeneration
Scrolls
 j - a scroll of magic mapping {unknown}
 l - 2 scrolls of teleportation
 m - a scroll of brand weapon {unknown}
 n - 2 scrolls of blinking
 s - a scroll of enchant weapon
 y - 2 scrolls of fog
Potions
 g - a potion of lignification {unknown}
 h - a potion of haste {unknown}
 i - a potion of magic {unknown}
 k - a potion of attraction {unknown}
 o - 3 potions of mutation {unknown}
 t - a potion of heal wounds
 w - 2 potions of brilliance {unknown}
 x - a potion of might {unknown}
 A - a potion of cancellation {unknown}


   Skills:
 + Level 6.1 Fighting
 + Level 7.3 Short Blades
 - Level 2.1 Throwing
 + Level 2.1 Dodging
 + Level 9.0 Stealth
 + Level 0.0 Invocations


You had 7 spell levels left.
You didn't know any spells.
Your spell library contained the following spells:

 Spells                   Type           Power      Damage    Failure   Level
 Borgnjor's Revivificati  Necr           0%         N/A       100%        8
 Necromutation            Tmut/Necr      0%         N/A       100%        8
 Death's Door             Necr           0%         N/A       100%        9


Dungeon Overview and Level Annotations

Branches:
Dungeon (5/15)             Temple (1/1) D:5           Sewer (visited)

Altars:
Cheibriados
Dithmenos
Elyvilon
Fedhas
Gozag
Hepliaklqana
Kikubaaqudgha
Makhleb
Nemelex Xobeh
Okawaru
Qazlal
Ru
Sif Muna
Trog
Uskayaw
Vehumet
Wu Jian
Yredelemnul
Zin
The Shining One

Shops:
D:4 :[


Innate Abilities, Weirdness & Mutations

You are small and have problems with some larger weapons.
You are completely attuned to the shadows.


Message History

No target in view!
No target in view!
HP restored.
o - 3 ruby potions (gained 1)
s - a scroll of enchant weapon
Found a leather armour.
Okay, then.
You see here a +0 leather armour.
A jelly comes into view.
You rampage towards the jelly!
The jelly quivers.
You hit the jelly. The acid corrodes you!
Your hands burn!
The jelly is moderately wounded.
You hit the jelly.
Your hands burn!
The jelly is moderately wounded.
The jelly misses you.
You hit the jelly.
Your hands burn!
The jelly is heavily wounded.
You hit the jelly.
Your hands burn!
The jelly is severely wounded.
The jelly hits you. The acid corrodes you!
You are splashed with acid!
You hit the jelly.
Your hands burn!
The jelly is almost dead.
The jelly misses you.
You are too injured to fight recklessly!
You are too injured to fight recklessly!
You are too injured to fight recklessly!
You are too injured to fight recklessly!
You hit the jelly. The acid corrodes you!
Your hands burn!
The jelly is almost dead.
You hit the jelly. The acid corrodes you!
Your hands burn!
The jelly is almost dead.
The jelly hits you. The acid corrodes you!
You are splashed with acid!
* * * LOW HITPOINT WARNING * * *
You hit the jelly but do no damage.
Your hands burn!
* * * LOW HITPOINT WARNING * * *
The jelly is almost dead.
The jelly misses you.
You hit the jelly but do no damage. The acid corrodes you!
Your hands burn!
You die...

........ ........#..... ........
#.......###### ......## #.....##
......# #...# #....##
...######...## ###...##
....##.#.....#####.......##
.......# #................##
.......###.................###
............###.@............####
.##.).....### ###J...............
#####....## ##........#......# .#
##...# ##....##....#...###
.####....## ##....###....#...#
..##......# #....## ##.......#
..........# ##...## ##......##
#.........###...## ##.......##
...........#...## #...####..#


You could see a jelly.

Vanquished Creatures
  The ghost of Buttons840 the Slasher, an amateur MfGl (D:4)
  A black bear (D:4)
  An ogre (D:5)
  A bullfrog (Sewer)
  A scorpion (D:4)
  A necrophage (D:5)
  An orc priest (D:4)
  A jelly (D:5)
  An iguana (D:4)
  4 orc wizards
  13 adders
  4 gnolls (D:3)
  2 river rats (D:5)
  3 worms
  2 dart slugs (D:3)
  10 orcs
  4 endoplasms
  16 giant cockroaches
  7 goblins
  6 hobgoblins
  13 quokkas
  8 ball pythons
  2 bats
  13 frilled lizards
  3 kobolds
  5 rats
124 creatures vanquished.

Notes
Turn   | Place    | Note
-------+----------+-------------------------------------------
     0 | D:1      | testman the Kobold Brigand began the quest for the Orb.
     0 | D:1      | Reached XP level 1. HP: 12/12 MP: 1/1
   105 | D:1      | Found a faded altar of an unknown god.
   394 | D:1      | Reached XP level 2. HP: 13/18 MP: 2/2
  1219 | D:1      | Reached XP level 3. HP: 20/22 MP: 3/3
  1949 | D:2      | Reached XP level 4. HP: 28/28 MP: 4/4
  2279 | D:3      | Reached skill level 6 in Stealth
  2646 | D:3      | Reached XP level 5. HP: 32/32 MP: 5/5
  3490 | D:3      | Reached skill level 5 in Short Blades
  3490 | D:3      | Reached XP level 6. HP: 23/38 MP: 6/6
  3626 | D:4      | Reached skill level 7 in Stealth
  3896 | D:4      | Noticed a black bear
  3899 | D:4      | Killed a black bear
  3994 | D:4      | Found a runed translucent gate.
  3994 | D:4      | Found a runed translucent gate.
  3995 | D:4      | Found a runed translucent gate.
  4024 | D:4      | Reached XP level 7. HP: 29/44 MP: 7/7
  4294 | D:4      | Found Qeob's Book Emporium.
  4564 | D:4      | Found Oreusta's Armour Shoppe.
  4566 | D:4      | Reached skill level 5 in Fighting
  4571 | D:4      | Bought a +1 pair of boots of rampaging for 214 gold pieces
  4958 | D:4      | Noticed Buttons840's ghost (amateur MfGl)
  4961 | D:4      | Killed Buttons840's ghost
  4962 | D:4      | Reached skill level 8 in Stealth
  4980 | D:5      | Entered Level 5 of the Dungeon
  5111 | D:5      | Found a glowing drain.
  5115 | Sewer    | Entered a sewer
  5287 | Sewer    | Reached XP level 8. HP: 51/51 MP: 8/8
  6361 | D:5      | Found a staircase to the Ecumenical Temple.
  6368 | Temple   | Entered the Ecumenical Temple
  6803 | Temple   | Became a worshipper of Hepliaklqana the Forgotten
  6924 | D:5      | Reached skill level 9 in Stealth
  7185 | D:5      | Splashed by a jelly's acid

Illustrated notes

Levels and vault maps discovered:
D:1:      minmay_arrival_cross, layout_basic, dreamdust_ecumenical_altar_statues
D:2:      layout_rooms, nicolae_kite_square_tiling_tiny
D:3:      layout_basic, minivault_27, minivault_27
D:4:      layout_rooms, ebering_ghost_rock_garden, serial_shops, shop,
          minmay_shop_grid_forest
D:5:      layout_layer_cave, temple_pool_b, portal_sewer_entry_e
Temple:   nicolae_temple_slightly_damp_pantheon

Skill      XL: |  1  2  3  4  5  6  7  8 |
---------------+-------------------------+-----
Short Blades   | 3 4 5 6 7 |  7.3
Fighting       | 3 4 5 6 |  6.1
Stealth        | 6 7 8 9 |  9.0
Dodging        | 2 |  2.1
Throwing       | |  2.1

Action                   |  1- 3 |  4- 6 |  7- 9 || total
-------------------------+-------+-------+-------++-------
Melee: Dagger            |    91 |   128 |   206 ||   425
       Punch             |       |     1 |     4 ||     5
Throw: Dart              |     1 |    12 |     3 ||    16
  Use: Scroll            |       |       |    12 ||    12
       Potion            |       |       |     1 ||     1
 Stab: Sleeping          |    12 |    16 |    34 ||    62
       Distracted        |     2 |     1 |     2 ||     5
Armor: Robe              |    17 |    24 |    33 ||    74
Dodge: Dodged            |    38 |    45 |    88 ||   171

Table legend: (Time is in decaauts)
 A = Elapsed time spent in this place.
 B = Non-inter-level travel time spent in this place.
 C = Inter-level travel time spent in this place.
 D = Time resting spent in this place.
 E = Time spent auto-exploring this place.
 F = Levels seen in this place.
 G = Mean time per level.
                   A        B        C        D        E       F      G
               +--------+--------+--------+--------+--------+-----+--------+
         Total |   7205 |   7091 |    114 |   1390 |   4624 |   7 | 1029.3 |
       Dungeon |   5867 |   5794 |     73 |   1274 |   3727 |   5 | 1173.4 |
        Temple |    454 |    413 |     41 |      0 |    391 |   1 |  454.0 |
         Sewer |    883 |    883 |      0 |    116 |    505 |   1 |  883.0 |
               +--------+--------+--------+--------+--------+-----+--------+

Top non-repeatable levels by time:
     D:3: 1580 daAuts
     D:1: 1280 daAuts
     D:4: 1202 daAuts
     D:2: 917 daAuts
     D:5: 885 daAuts
   Sewer: 883 daAuts
  Temple: 454 daAuts
